 Dungeon Crawl Stone Soup version 0.17-a0-1430-g49fde19 (webtiles) character file.

1836 urechis the Covert (level 9, 0/72 HPs)
             Began as a Vine Stalker Monk on June 25, 2015.
             Killed from afar by an electric eel (6 damage)
             ... with a bolt of electricity
             ... on level 6 of the Dungeon.
             The game lasted 00:18:18 (5047 turns).

urechis the Covert (Vine Stalker Monk)              Turns: 5047, Time: 00:18:19

Health: 0/72       AC: 24    Str: 14    XL:     9   Next: 11%
Magic:  0/10       EV:  2    Int: 10    God:
Gold:   451        SH:  0    Dex: 20    Spells: 0 memorised, 8 levels left

rFire  . . .     SeeInvis +       - Unarmed
rCold  . . .     Clarity  .     (armour currently unavailable)
rNeg   + + +     SustAt   .     (no shield)
rPois  +         Gourm    .     (helmet currently unavailable)
rElec  .         Spirit   +     (cloak currently unavailable)
rCorr  .         Warding  .     (gloves currently unavailable)
rMut   .         NoTele   +     (boots currently unavailable)
MR     +....                    (no amulet)
Stlth  ++++++++..               i - ring of poison resistance
                                j - ring of see invisible

@: tree-form, somewhat resistant to hostile enchantments, extraordinarily
stealthy
A: (fangs 0), regeneration 2, magic shield, (antimagic bite), no device heal 3,
rot immunity
a: no special abilities


You were on level 6 of the Dungeon.
You were hungry.
You were a tree.
You visited 2 branches of the dungeon, and saw 9 of its levels.
You also visited: Sewer.

You collected 451 gold pieces.

Inventory:

Hand weapons
 a - a +0 blowgun
Missiles
 x - 6 poisoned needles
Armour
 m - a +1 pair of gloves (melded)
 o - a +2 robe of cold resistance (melded)
 s - a +0 hat (melded)
Jewellery
 i - a ring of poison resistance (right branch)
 j - a ring of see invisible (left branch)
Magical devices
 l - a wand of polymorph (13)
 n - a wand of invisibility (2)
 D - a wand of magic darts (33)
Scrolls
 d - a scroll of fear
 k - 4 scrolls of remove curse
 t - a scroll of magic mapping
 u - a scroll of recharging
 y - a scroll of teleportation
 z - a scroll of identify
Potions
 e - a potion of brilliance {unknown}
 f - 4 potions of magic
 g - a potion of invisibility {unknown}
 p - 5 potions of curing
 r - a potion of degeneration {unknown}
 v - a potion of lignification
 w - 3 potions of agility
 A - 2 potions of cure mutation {unknown}
 B - a potion of poison {unknown}
 C - a potion of flight {unknown}
Comestibles
 b - 5 bread rations
 c - a beef jerky
 h - 3 meat rations
 q - 42 fruits


   Skills:
 + Level 5.8 Fighting
 - Level 2.4 Dodging
 * Level 10.9 Stealth
 + Level 6.9 Unarmed Combat


You had 8 spell levels left.
You didn't know any spells.

Dungeon Overview and Level Annotations

Branches:
Dungeon (8/15)             Temple (1/1) D:4
   Lair: D:8-11

Altars:
Dithmenos
Fedhas
Gozag
Kikubaaqudgha
Makhleb
Okawaru
Qazlal
Ru
Sif Muna
Trog
Vehumet
Xom
Yredelemnul
Zin
The Shining One

Annotations:
D:6 abixa's ghost, experienced TrMo
D:7 Joseph


Innate Abilities, Weirdness & Mutations

((You have razor-sharp teeth.))
You heal very quickly.
When hurt, damage is shared between your health and your magic reserves.
((Your bite disrupts and absorbs the magic of your enemies.))
Potions and wands cannot restore your health.
You are immune to rotting.


Message History

The hobgoblin barely misses you.
The electric eel shoots out a bolt of lightning at you!
The bolt of electricity hits you! x2
* * * LOW HITPOINT WARNING * * *
The worker ant moves out of view.
You closely miss the electric eel. You bite the electric eel.
You drain its power.
You feel invigorated.
The electric eel is severely wounded.
The hobgoblin hits you with a club.
* * * LOW HITPOINT WARNING * * *
Drink which item? (? for menu, Esc to quit)
Okay, then.
Drink which item? (? for menu, Esc to quit)
You turn into a tree.
Your +0 hat melds into your body.
Your +1 pair of gloves melds into your body.
Your +2 robe of cold resistance melds into your body.
You feel less resistant to cold.
Your roots penetrate the ground.
The electric eel shoots out a bolt of lightning at you!
Helpless, you fail to dodge the bolt of electricity.
You die...

#.# #######.#
........#####
........#...#
≈.≈≈≈≈≈.+...+
≈.≈≈≈≈≈.#...#
≈.≈≈≈≈≈.....#####.#
≈.≈≈≈≈;♣..##......#
≈.....g...##.######
...≈≈≈≈...'.......#
≈≈.≈≈≈≈...##.#..#.####
≈≈.≈≈≈≈....#.........#
≈≈.≈≈≈≈....#.........#
≈≈.≈≈≈≈....#......##.#
...........#.....†##.#
'######+#.#......##.#


You could see an electric eel and a hobgoblin.

Vanquished Creatures
  A sky beast (D:8)
  An ice beast (D:6)
  A phantom (D:5)
  2 ogres (D:6)
  Blork the orc (D:4)
  3 giant frogs
  A big kobold (D:8)
  A wyvern zombie (D:6)
  4 killer bees (D:7)
  A water moccasin skeleton (D:6)
  2 crimson imps
  A centaur zombie (D:5)
  2 hounds
  2 quasits
  Natasha (twice) (D:4)
  3 iguanas
  5 worker ants
  A hound skeleton (D:4)
  Robin (D:4)
  A gnoll (D:5)
  11 adders
  9 oozes
  A worm (D:5)
  14 giant geckos
  3 orcs
  19 ball pythons
  A bat skeleton (D:4)
  20 giant cockroaches
  13 hobgoblins
  6 jackals (D:3)
  12 kobolds
  3 quokkas
  9 bats
  17 giant newts
  19 goblins
  A jackal zombie (D:6)
  7 rats
201 creatures vanquished.

Notes
Turn   | Place    | Note
--------------------------------------------------------------
     0 | D:1      | urechis the Vine Stalker Monk began the quest for the Orb.
     0 | D:1      | Reached XP level 1. HP: 11/11 MP: 2/2
   278 | D:1      | Reached XP level 2. HP: 16/16 MP: 3/3
   499 | D:2      | Reached XP level 3. HP: 19/19 MP: 4/4
   923 | D:2      | Found a stormy altar of Qazlal.
  1031 | D:2      | Found an ancient bone altar of Kikubaaqudgha.
  1033 | D:2      | Found a blossoming altar of Fedhas.
  1303 | D:3      | Reached XP level 4. HP: 22/24 MP: 5/5
  1464 | D:3      | Found a sacrificial altar of Ru.
  1555 | D:3      | Reached XP level 5. HP: 26/28 MP: 4/6
  1585 | D:3      | Found a faded altar to an unknown god.
  1620 | D:3      | Reached skill level 5 in Stealth
  1691 | D:3      | Found a burning altar of Makhleb.
  1904 | D:4      | Found a staircase to the Ecumenical Temple.
  1930 | Temple   | Entered the Ecumenical Temple
  2259 | D:4      | Noticed Robin
  2261 | D:4      | Noticed Natasha
  2299 | D:4      | Reached skill level 5 in Unarmed Combat
  2325 | D:4      | Killed Robin
  2373 | D:4      | Killed Natasha
  2373 | D:4      | Gained mutation: You heal very quickly. [Vine Stalker growth]
  2373 | D:4      | Reached XP level 6. HP: 18/32 MP: 3/7
  2384 | D:4      | Reached skill level 6 in Stealth
  2604 | D:4      | Noticed Natasha
  2612 | D:4      | Killed Natasha
  2686 | D:4      | Noticed Blork the orc
  2699 | D:4      | Killed Blork the orc
  2699 | D:4      | Reached XP level 7. HP: 16/37 MP: 5/8
  2931 | D:5      | Entered Level 5 of the Dungeon
  2945 | D:5      | Reached skill level 7 in Stealth
  3191 | D:5      | Found a glowing drain.
  3196 | Sewer    | Entered a sewer
  3580 | Sewer    | Reached skill level 8 in Stealth
  3985 | D:5      | Gained mutation: You have razor-sharp teeth. [Vine Stalker growth]
  3985 | D:5      | Reached XP level 8. HP: 21/42 MP: 7/9
  4010 | D:5      | Found an iron altar of Okawaru.
  4010 | D:5      | Found a bloodstained altar of Trog.
  4091 | D:5      | Reached skill level 9 in Stealth
  4365 | D:6      | Reached skill level 5 in Fighting
  4470 | D:6      | Reached skill level 10 in Stealth
  4589 | D:6      | You fall through a shaft for 2 floors!
  4772 | D:7      | Reached XP level 9. HP: 36/47 MP: 4/10
  4834 | D:7      | Noticed a two-headed ogre
  4841 | D:7      | Noticed Joseph
  4858 | D:6      | Noticed abixa's ghost (experienced TrMo)
  5047 | D:6      | Killed from afar by an electric eel

Vault maps used:
D:1:      minmay_arrival_split_and_join
D:2:      forest_paths, grunt_temple_overflow_growth_and_decay,
          lemuel_doored_altar
D:3:      makhleb_grotto_becter, overflow_temple_1_default, ecumenical_altar_1,
          guppyfry_early_lair_pool
D:4:      temple_statues, first_bread, uniq_blork_the_orc, uniq_robin,
          uniq_natasha
D:5:      grunt_temple_overflow_bloody_war, portal_sewer_entry_e
D:6:      minivault_14
D:7:      uniq_joseph
D:8:      kennysheep_mini_moat, gammafunk_temple_overflow_statue,
          blue_anna_alchemist, uniq_erolcha, uniq_psyche
Temple:   jpeg_temple_alley_garden_8
Sewer:    sewer_frog_island_02

Action                   |  1- 3 |  4- 6 |  7- 9 || total
-------------------------+-------+-------+-------++-------
Melee: Unarmed           |    86 |   201 |   397 ||   684
 Fire: Blowgun           |       |     3 |       ||     3
Throw: Throwing net      |       |       |     1 ||     1
  Use: Scroll            |     8 |     1 |     7 ||    16
       Potion            |       |       |     3 ||     3
 Stab: Sleeping          |     3 |     7 |     8 ||    18
       Distracted        |       |       |     2 ||     2
  Eat: Chunk             |     1 |     4 |     8 ||    13
       Fruit             |       |     1 |       ||     1
